AoeStats
← jhonskull87

Arena

506484738Analyzed
4v4 RM · 20d ago on Sep 13, 2026· 53m 43s· 8 players
Game mode
Random Map
Map size
Large (8 player)
Population
200
Speed
Normal
Resources
Standard
Victory
Conquest
Starting age
Dark Age
Ending age
Imperial Age
RankedLock teamsTeams togetherTeam positionsShared explorationLock speedFull tech treeHidden civsTurbo modeCheats
Victory
Defeat
🇬🇧 Bulgarians · United Kingdom
767
+10
🇹🇷 Magyars · Türkiye
642
+15
🇲🇽 Persians · Mexico
641
+15
🇸🇪 Britons · Sweden
576
+17
🇲🇽 Khmer · Mexico
725
-19
🇧🇷 Persians · Brazil
604
-14
🇧🇷 Persians · Brazil
572
-12
🇦🇷 Persians · Argentina
552
-12
I MISS HER
12:16 Feudal Age
14:12 Double-Bit Axe
18:19 Castle Age
16:44 Horse Collar
19:44 Gold Mining
19:48 Stone Mining
20:49 Pikeman
22:46 Wheelbarrow
22:36 Bow Saw
23:19 Heavy Plow
25:54 Caravan
27:45 Hand Cart
28:08 Scale Barding Armor
33:15 Imperial Age
32:02 Gold Shaft Mining
32:22 Chain Barding Armor
32:04 Padded Archer Armor
32:51 Corvinian Army
36:37 Elite Magyar Huszar
41:01 Conscription
47:03 Plate Barding Armor
49:22 Scale Mail Armor
49:38 Leather Archer Armor
49:13 Fletching
51:13 Thumb Ring
50:29 Elite Skirmisher
53:50 Husbandry
54:01 Bloodlines
53:12 Cavalier
Thermic_Marlin
9:55 Feudal Age
11:11 Gold Mining
11:43 Stone Mining
12:45 Horse Collar
13:47 Double-Bit Axe
20:16 Castle Age
21:55 Stone Shaft Mining
21:56 Gold Shaft Mining
23:29 Bow Saw
26:01 Gold Shaft Mining
25:30 Heavy Plow
28:48 Forging
28:43 Scale Barding Armor
31:08 Scale Barding Armor
31:48 Stirrups
33:08 Iron Casting
32:55 Chain Barding Armor
38:31 Imperial Age
36:39 Wheelbarrow
35:51 Town Watch
35:52 Loom
39:19 Hand Cart
39:05 Town Patrol
39:56 Crop Rotation
40:31 Blast Furnace
40:17 Plate Barding Armor
40:40 Scale Mail Armor
41:06 Conscription
40:58 Bagains
42:11 Caravan
44:28 Chain Mail Armor
44:12 Elite Konnik
jhonskull87
10:19 Loom
12:36 Feudal Age
12:58 Horse Collar
13:51 Double-Bit Axe
18:59 Stone Mining
20:57 Forging
20:48 Padded Archer Armor
20:40 Fletching
21:50 Wheelbarrow
21:43 Gold Mining
23:22 Bloodlines
25:54 Castle Age
25:43 Scale Mail Armor
25:50 Scale Barding Armor
26:46 Bow Saw
26:56 Pikeman
27:52 Squires
27:56 Husbandry
29:24 Stone Shaft Mining
28:18 Crossbowman
31:15 Bodkin Arrow
31:16 Gambesons
32:31 Thumb Ring
32:57 Ballistics
32:28 Heated Shot
32:34 Murder Holes
34:36 Hand Cart
34:38 Heavy Plow
49:49 Parthian Tactics
50:10 Masonry
54:53 Imperial Age
53:27 Iron Casting
Labinotc
12:04 Feudal Age
13:38 Wheelbarrow
12:52 Double-Bit Axe
12:50 Horse Collar
15:09 Gold Mining
23:42 Castle Age
22:26 Stone Mining
24:34 Heavy Plow
24:49 Bow Saw
24:45 Caravan
26:16 Gold Shaft Mining
27:11 Fletching
26:48 Elite Skirmisher
27:31 Squires
28:36 Hand Cart
28:33 Pikeman
30:45 Bodkin Arrow
32:39 Forging
32:30 Scale Mail Armor
37:19 Imperial Age
36:26 Iron Casting
36:07 Chain Mail Armor
36:36 Ballistics
37:26 Elite Longbowman
38:47 Halberdier
40:47 Two-Man Saw
40:19 Bracer
40:20 Padded Archer Armor
43:33 Chemistry
43:00 Yeomen
45:46 Leather Archer Armor
46:02 Plate Mail Armor
46:33 Blast Furnace
52:00 Guilds
AgusKing
6:22 Loom
7:22 Loom
11:59 Feudal Age
12:58 Double-Bit Axe
12:56 Horse Collar
15:22 Gold Mining
16:03 Stone Mining
17:24 Wheelbarrow
21:08 Castle Age
23:43 Tusk Swords
24:40 Hand Cart
25:15 Gold Shaft Mining
24:54 Town Watch
25:37 Pikeman
26:04 Arson
31:19 Forging
31:15 Scale Barding Armor
31:59 Town Patrol
33:16 Iron Casting
33:04 Fletching
33:17 Padded Archer Armor
35:14 Chain Barding Armor
35:49 Bodkin Arrow
37:51 Leather Archer Armor
37:54 Murder Holes
42:09 Imperial Age
Zhukov
1:29 Loom
16:39 Feudal Age
20:33 Castle Age
18:41 Double-Bit Axe
21:42 Wheelbarrow
20:53 Town Watch
20:52 Horse Collar
21:27 Bow Saw
22:17 Heavy Plow
22:38 Caravan
32:48 Coinage
32:55 Hand Cart
32:40 Town Patrol
37:43 Imperial Age
35:51 Scale Barding Armor
35:47 Scale Mail Armor
35:58 Forging
35:38 Fletching
35:49 Padded Archer Armor
38:13 Citadels
37:31 Cavalier
38:12 Husbandry
38:02 Elite War Elephant
39:15 Savar
41:23 Iron Casting
41:04 Chain Mail Armor
41:09 Chain Barding Armor
41:05 Leather Archer Armor
40:46 Bodkin Arrow
41:38 Savar
44:49 Plate Mail Armor
44:55 Plate Barding Armor
45:21 Blast Furnace
45:34 Kamandaran
45:05 Sappers
45:55 Conscription
46:12 Hoardings
46:36 Ring Archer Armor
Chafalote
0:34 Loom
14:11 Feudal Age
15:08 Double-Bit Axe
15:08 Horse Collar
16:11 Gold Mining
17:29 Stone Mining
24:01 Castle Age
23:15 Scale Barding Armor
23:11 Scale Mail Armor
23:24 Forging
23:47 Bloodlines
23:02 Man-at-Arms
29:27 Imperial Age
27:38 Bow Saw
27:32 Heavy Plow
28:46 Squires
28:08 Pikeman
31:24 Crop Rotation
32:01 Two-Man Saw
33:41 Conscription
33:28 Husbandry
34:29 Wheelbarrow
33:47 Gambesons
34:00 Fletching
36:11 Hand Cart
37:32 Chain Barding Armor
36:39 Heavy Camel Rider
37:01 Long Swordsman
38:39 Stone Shaft Mining
38:44 Gold Shaft Mining
40:09 Plate Barding Armor
39:53 Chain Mail Armor
40:00 Caravan
41:58 Chemistry
41:24 Ballistics
42:11 Kamandaran
42:19 Light Cavalry
42:20 Cavalier
42:55 Crossbowman
44:01 Thumb Ring
44:12 Padded Archer Armor
45:36 Halberdier
46:48 Masonry
49:48 Architecture
50:36 Murder Holes
lula2026
0:49 Loom
13:02 Feudal Age
14:58 Town Watch
16:41 Horse Collar
19:12 Castle Age
17:41 Double-Bit Axe
18:42 Stone Mining
27:37 Heavy Plow
28:56 Wheelbarrow
28:50 Bow Saw
32:53 Imperial Age
32:53 Hand Cart
34:23 Chemistry
35:14 Town Patrol
36:59 Pikeman
38:01 Squires
37:37 Halberdier
40:17 Gold Mining
40:08 Elite War Elephant
42:43 Citadels
43:59 Two-Man Saw
43:32 Crop Rotation
47:21 Forging
47:17 Scale Barding Armor
Connection lost

Rejoining the realm…

Still unreachable

The connection could not be restored.

Session expired

The server has moved on; the page needs a fresh start.